 Dungeon Crawl Stone Soup version 0.30-a0-172-gc5509c9e31 (webtiles) character file.

Game seed: 14300265850898092383

33 LnG the Caller (level 3, -1/19 HPs)
             Began as a Kobold Summoner on Oct 1, 2022.
             Killed from afar by Natasha (17 damage)
             ... with a bolt of light
             ... on level 2 of the Dungeon.
             The game lasted 00:03:25 (1603 turns).

LnG the Caller (Kobold Summoner)                    Turns: 1603, Time: 00:03:29

Health: -1/19      AC:  3    Str:  5    XL:     3   Next: 47%
Magic:  3/6        EV: 15    Int: 18    God:
Gold:   72         SH:  0    Dex: 15    Spells: 0/6 levels left

rFire   + . .      SeeInvis .    d - +7 hand axe of the Forging Mosquito {flame, *Rage rElec rF+}
rCold   . . .      Faith    .    (no shield)
rNeg    . . .      Spirit   .    a - +0 robe
rPois   .          Reflect  .    (no helmet)
rElec   +          Harm     .    (no cloak)
rCorr   +          Rampage  .    (no gloves)
Will    .....      Rage     20%  h - +0 pair of boots
Stlth   +++.......               (no amulet)
HPRegen 0.23/turn                e - ring of resist corrosion
MPRegen 0.10/turn                (no ring)

@: no status effects
A: small, no large weapons, nightstalker 3
a: no special abilities


You were on level 2 of the Dungeon.
You visited 1 branch of the dungeon, and saw 2 of its levels.

You collected 72 gold pieces.

Inventory:

Hand Weapons
 d - the +7 hand axe of the Forging Mosquito (weapon) {flame, *Rage rElec rF+}
   (You found it on level 2 of the Dungeon)

   It burns those it strikes, dealing additional fire damage.
   Big, fiery blades are also staple armaments of hydra-hunters.
   rF:        It protects you from fire.
   rElec:     It insulates you from electricity.
   *Rage:     It berserks you when you make melee attacks (+20% chance).
 j - a +0 dagger
Armour
 a - a +0 robe (worn)
 h - a +0 pair of boots (worn)
Jewellery
 e - a ring of resist corrosion (left hand)
Scrolls
 f - a scroll of noise {unknown}
 i - a scroll of teleportation {unknown}
 k - a scroll of magic mapping {unknown}
Potions
 b - a potion of magic
 c - a potion of brilliance {unknown}
 g - 2 potions of curing {unknown}


   Skills:
 + Level 0.1 Fighting
 + Level 0.1 Short Blades
 + Level 2.7 Dodging
 + Level 3.2 Stealth
 + Level 2.4 Spellcasting
 + Level 4.5 Summonings


You couldn't memorise any spells.
You knew the following spells:

 Your Spells              Type           Power      Damage    Failure   Level
a - Summon Small Mammal   Summ           72%        N/A       2%          1
b - Call Imp              Summ           18%        N/A       4%          2
c - Call Canine Familiar  Summ           18%        N/A       8%          3

Your spell library contained the following spells:

 Spells                   Type           Power      Damage    Failure   Level
 Sandblast                Erth           4%         2d4       17%         1
 Summon Guardian Golem    Hex/Summ       10%        N/A       21%         3
 Passwall                 Tmut/Erth      1%         N/A       26%         2
 Stone Arrow              Conj/Erth      4%         3d7       45%         3
 Summon Lightning Spire   Summ/Air       10%        N/A       56%         4


Dungeon Overview and Level Annotations

Branches:
Dungeon (2/15)

Altars:
Uskayaw

Annotations:
D:2 Natasha


Innate Abilities, Weirdness & Mutations

You are small and have problems with some larger weapons.
You are completely attuned to the shadows.


Message History

You kill the dart slug!
You see here a +2 vorpal mace.
You see here 4 stones.
k - a scroll labelled GOED ELIETSEIL The +7 hand axe of the Forging Mosquito {flame, *Rage rElec rF+} bursts into flame!
d - the +7 hand axe of the Forging Mosquito (weapon)
{flame, *Rage rElec rF+}
Found a robe.
Found a stone staircase leading down.
Natasha and a kobold come into view.
Natasha is carrying a wand of light (11).
Found a stone.
The kobold shouts!
Casting: Call Imp (safe; 4% risk of failure)
Confirm with . or Enter, or press ? or * to list all spells.
The spell is extremely dangerous to miscast (8% risk of failure)!
Continue anyway?
Natasha hisses angrily.
Natasha stares at you and mumbles some strange words.
The magic dart hits you.
Okay, then.
The kobold throws a stone.
The stone hits you.
Your hound completely misses the kobold.
Your hound misses the kobold.
The kobold hits your hound with a +0 club.
Natasha claws your hound.
Your hound bites the kobold but does no damage.
The kobold throws a stone.
The stone closely misses your hound. The stone closely misses you.
Natasha casts a spell.
Your hound bites the kobold.
The kobold dies!
Your hound barely misses Natasha.
Natasha claws your hound.
Your hound bites Natasha.
Natasha claws your hound.
Your hound bites Natasha.
The white imp barely misses your hound.
Your hound closely misses Natasha.
Natasha zaps a wand.
The bolt of light hits your hound!
Your hound dies!
Your hound's corpse disappears in a puff of smoke!
The bolt of light hits you!
Ouch! That really hurt!
You die...

.........###
##
.............
......#######
.(..........#
.....#####.##
.....# ###.#
...5h# #...#
#ยง###.[.#
#@......#
#.#..##.#
#...###...
#>### ## ###


You could see Natasha and a white imp (summoned).

Vanquished Creatures
  2 dart slugs (D:2)
  2 ball pythons (D:1)
  4 bats
  2 endoplasms
  4 giant cockroaches (D:1)
  A goblin (D:1)
  A quokka (D:1)
  A frilled lizard (D:1)
  3 kobolds
  3 rats (D:1)
23 creatures vanquished.

Vanquished Creatures (collateral kills)
  2 endoplasms (D:1)
  A kobold (D:2)
3 creatures vanquished.

Grand Total: 26 creatures vanquished

Notes
Turn   | Place    | Note
-------+----------+-------------------------------------------
     0 | D:1      | LnG the Kobold Summoner began the quest for the Orb.
     0 | D:1      | Reached XP level 1. HP: 10/10 MP: 3/3
   347 | D:1      | Reached XP level 2. HP: 15/15 MP: 5/5
   350 | D:1      | Learned a level 2 spell: Call Imp
   714 | D:1      | Found a faded altar of an unknown god.
  1034 | D:1      | Reached XP level 3. HP: 19/19 MP: 6/6
  1038 | D:1      | Learned a level 3 spell: Call Canine Familiar
  1388 | D:2      | Found a hide-covered altar of Uskayaw.
  1480 | D:2      | Identified the +7 hand axe of the Forging Mosquito {flame,
                  | *Rage rElec rF+}
  1595 | D:2      | Noticed Natasha
  1603 | D:2      | Killed from afar by Natasha

Illustrated notes

Levels and vault maps discovered:
D:1:      reono_arrival_forest_river, layout_basic,
          ebering_ecumenical_altar_sacrificial, minmay_pentomino_s2
D:2:      layout_basic, basic_altar, minmay_misc_feat_hallway,
          minmay_snake_closets, uniq_natasha

Skill      XL: |  1  2  3 |
---------------+----------+-----
Stealth        | 3 |  3.2
Fighting       | |  0.1
Short Blades   | |  0.1
Dodging        | |  2.7
Spellcasting   | |  2.4
Summonings     | |  4.5

Action                   || total
-------------------------++-------
Melee: Short sword       ||    74
       Unarmed           ||     3
       Hand axe          ||     1
       Dagger            ||    15
 Cast: Summon Small Mamm ||     5
       Call Imp          ||     3
       Call Canine Famil ||     1
  Use: Scroll            ||     1
 Stab: Sleeping          ||    14
Armor: Robe              ||    13
Dodge: Dodged            ||    66

Table legend: (Time is in decaauts)
 A = Elapsed time spent in this place.
 B = Non-inter-level travel time spent in this place.
 C = Inter-level travel time spent in this place.
 D = Time resting spent in this place.
 E = Time spent auto-exploring this place.
 F = Levels seen in this place.
 G = Mean time per level.
                   A        B        C        D        E       F      G
               +--------+--------+--------+--------+--------+-----+--------+
         Total |   1610 |   1512 |     98 |     17 |   1230 |   2 |  805.0 |
       Dungeon |   1610 |   1512 |     98 |     17 |   1230 |   2 |  805.0 |
               +--------+--------+--------+--------+--------+-----+--------+

Top non-repeatable levels by time:
     D:1: 1363 daAuts
     D:2: 246 daAuts
